[ AOE2 MATCH · #508111275 ]
UnrankedMapuche vs Bohemians
[ REPLAY ANALYSIS · EXTRACTED FROM THE RECORDED GAME ]
Feudal
14:01
Castle
17:35
Imperial
35:53
| APM avg | 37.0 |
| APM peak | 78 |
| eAPM avg | 20.7 |
| Villagers / military | 198 / 270 |
Focus
⚔️ 26.9% · 🌾 73.1%
Petard ×137 · Kona ×40 · Skirmisher ×35 · Galley ×28 · Trebuchet (Packed) ×13 · Fire Galley ×9
Feudal
13:24
Castle
17:19
Imperial
35:51
| APM avg | 33.1 |
| APM peak | 62 |
| eAPM avg | 19.7 |
| Villagers / military | 141 / 262 |
Focus
⚔️ 47.4% · 🌾 52.6%
Scout Cavalry ×243 · Unknown (1920) ×83 · Fishing Ship ×7 · Iron Pagoda ×6 · Battering Ram ×6 · Trebuchet (Packed) ×4
Feudal
14:56
Castle
19:21
Imperial
47:41
| APM avg | 36.6 |
| APM peak | 89 |
| eAPM avg | 26.4 |
| Villagers / military | 218 / 113 |
Focus
⚔️ 32.1% · 🌾 67.9%
Spearman ×81 · Monk ×16 · Fishing Ship ×14 · Petard ×6 · Archer ×4 · Mangonel ×4
Feudal
13:55
Castle
18:55
Imperial
36:31
| APM avg | 20.8 |
| APM peak | 40 |
| eAPM avg | 14.3 |
| Villagers / military | 128 / 104 |
Focus
⚔️ 37.9% · 🌾 62.1%
Scout Cavalry ×63 · Fishing Ship ×22 · Bombard Cannon ×14 · Galley ×11 · Knight ×9 · Mangonel ×3
Feudal
13:33
Castle
17:28
Imperial
37:37
| APM avg | 51.6 |
| APM peak | 118 |
| eAPM avg | 32.6 |
| Villagers / military | 441 / 529 |
Focus
⚔️ 32.3% · 🌾 67.7%
Huskarl ×344 · Skirmisher ×71 · Spearman ×41 · Galley ×33 · Hand Cannoneer ×25 · Fishing Ship ×14
Feudal
12:11
Castle
19:37
Imperial
35:09
| APM avg | 64.8 |
| APM peak | 126 |
| eAPM avg | 45.0 |
| Villagers / military | 230 / 315 |
Focus
⚔️ 29.8% · 🌾 70.2%
Archer ×295 · Trebuchet (Packed) ×17 · Fishing Ship ×12 · Spearman ×2 · Monk ×1
Feudal
12:51
Castle
21:57
Imperial
37:58
| APM avg | 60.3 |
| APM peak | 127 |
| eAPM avg | 36.4 |
| Villagers / military | 182 / 549 |
Focus
⚔️ 46.9% · 🌾 53.1%
Shrivamsha Rider ×176 · Scout Cavalry ×167 · Elephant Archer ×114 · Camel Scout ×61 · Skirmisher ×9 · Hand Cannoneer ×9
Feudal
14:48
Castle
18:03
Imperial
40:03
| APM avg | 31.3 |
| APM peak | 80 |
| eAPM avg | 21.3 |
| Villagers / military | 213 / 187 |
Focus
⚔️ 30.9% · 🌾 69.1%
Knight ×110 · Camel Scout ×53 · Trebuchet (Packed) ×16 · Fishing Ship ×10 · Scout Cavalry ×6 · Unknown (2626) ×3
Match map
Initial resources + every placement click. Lines = walls · curves = elevation contours. ◆ gold · ⬟ stone · ● berries · ✦ relic · ◌ wall gap
Your base· Open — unwalled flank
koebi's base· Open — 9t gap
Skrillll's base· Open — 1t gap
Ice2207's base· Open — unwalled flank
BehCoY's base· Open — 8t gap
Daniel Chassagnez's base· Open — 2t gap
Tylenol's base· Open — 9t gap
Moussaillon's base· Open — 9t gap
Smoothed initial terrain · ◌ = detected wall gap · hover for details
Inputs per minute
— Rojo, el camionero. - - koebi
Build order — Rojo, el camionero.
First 150 of 597 actions detected
| 0:20 | Build | Town Center |
| 1:11 | Build | Dock |
| 1:12 | Build | House |
| 2:41 | Queue | Villager (Male) |
| 2:41 | Queue | Villager (Male) |
| 2:42 | Queue | Villager (Male) |
| 2:42 | Queue | Villager (Male) |
| 2:42 | Queue | Villager (Male) |
| 3:26 | Research | Loom |
| 3:45 | Queue | Fishing Ship |
| 4:13 | Build | House |
| 4:14 | Queue | Villager (Male) |
| 4:14 | Queue | Villager (Male) |
| 5:03 | Queue | Villager (Male) |
| 5:34 | Queue | Villager (Male) |
| 5:34 | Queue | Villager (Male) |
| 5:49 | Queue | Villager (Male) |
| 5:53 | Queue | Fishing Ship |
| 6:13 | Queue | Villager (Male) |
| 6:16 | Build | House |
| 6:35 | Queue | Villager (Male) |
| 7:08 | Queue | Villager (Male) |
| 7:18 | Queue | Fishing Ship |
| 7:20 | Queue | Villager (Male) |
| 7:23 | Build | House |
| 8:00 | Queue | Villager (Male) |
| 8:04 | Queue | Fishing Ship |
| 8:27 | Queue | Villager (Male) |
| 8:29 | Queue | Villager (Male) |
| 8:48 | Build | Settlement |
| 8:51 | Queue | Villager (Male) |
| 9:08 | Build | House |
| 9:20 | Build | House |
| 9:31 | Queue | Villager (Male) |
| 9:41 | Queue | Villager (Male) |
| 9:50 | Queue | Fishing Ship |
| 10:29 | Queue | Villager (Male) |
| 10:42 | Queue | Villager (Male) |
| 10:48 | Queue | Fishing Ship |
| 11:18 | Build | Settlement |
| 11:20 | Queue | Villager (Male) |
| 11:32 | Queue | Fishing Ship |
| 11:43 | Research | Feudal Age |
| 12:35 | Build | Dock |
| 13:06 | Queue | Fishing Ship |
| 13:24 | Queue | Fishing Ship |
| 14:01 | Age | Feudal Age |
| 14:02 | Queue | Villager (Male) |
| 14:02 | Queue | Villager (Male) |
| 14:05 | Build | Market |
| 14:07 | Build | Blacksmith |
| 14:38 | Queue | Unit 2626 |
| 14:40 | Queue | Unit 2626 |
| 14:55 | Research | Castle Age |
| 14:55 | Research | Castle Age |
| 15:02 | Research | Double-Bit Axe |
| 15:32 | Queue | Unit 2626 |
| 15:34 | Queue | Unit 2626 |
| 16:10 | Queue | Unit 2626 |
| 16:12 | Queue | Unit 2626 |
| 16:48 | Queue | Unit 2626 |
| 16:48 | Queue | Unit 2626 |
| 17:35 | Age | Castle Age |
| 17:36 | Queue | Villager (Male) |
| 17:41 | Build | Town Center |
| 18:06 | Queue | Villager (Male) |
| 18:07 | Queue | Villager (Male) |
| 18:14 | Build | Town Center |
| 18:27 | Research | Bow Saw |
| 18:35 | Build | House |
| 18:54 | Queue | Villager (Male) |
| 19:05 | Build | House |
| 19:06 | Build | House |
| 19:08 | Queue | Villager (Male) |
| 19:17 | Build | House |
| 19:18 | Build | House |
| 19:21 | Queue | Villager (Male) |
| 19:49 | Research | War Galley (upgrade) |
| 19:50 | Build | House |
| 19:53 | Queue | Villager (Male) |
| 19:54 | Queue | Villager (Male) |
| 19:54 | Queue | Villager (Male) |
| 20:04 | Research | Horse Collar |
| 20:10 | Research | Town Watch |
| 20:11 | Queue | Villager (Male) |
| 20:11 | Queue | Villager (Male) |
| 20:11 | Queue | Villager (Male) |
| 20:22 | Queue | Villager (Male) |
| 20:29 | Build | Farm |
| 20:33 | Queue | Villager (Male) |
| 20:36 | Build | House |
| 20:38 | Build | House |
| 20:50 | Queue | Villager (Male) |
| 20:55 | Queue | Galley |
| 20:56 | Queue | Galley |
| 20:58 | Research | Fletching |
| 21:11 | Queue | Villager (Male) |
| 21:12 | Queue | Villager (Male) |
| 21:14 | Build | House |
| 21:15 | Build | House |
| 21:41 | Queue | Galley |
| 21:41 | Queue | Galley |
| 21:59 | Queue | Villager (Male) |
| 21:59 | Queue | Villager (Male) |
| 21:59 | Queue | Villager (Male) |
| 22:12 | Build | Dock |
| 22:17 | Queue | Villager (Male) |
| 22:17 | Queue | Villager (Male) |
| 22:25 | Build | House |
| 22:27 | Build | Settlement |
| 22:40 | Queue | Galley |
| 22:40 | Queue | Galley |
| 22:40 | Queue | Galley |
| 22:42 | Queue | Villager (Male) |
| 22:42 | Queue | Villager (Male) |
| 22:42 | Queue | Villager (Male) |
| 22:48 | Research | Padded Archer Armor |
| 22:54 | Build | Farm |
| 22:54 | Build | Farm |
| 22:54 | Build | Farm |
| 22:54 | Build | Farm |
| 22:59 | Build | Farm |
| 23:10 | Queue | Villager (Male) |
| 23:11 | Queue | Villager (Male) |
| 23:11 | Queue | Villager (Male) |
| 23:24 | Build | House |
| 23:25 | Build | House |
| 23:37 | Queue | Galley |
| 23:37 | Queue | Galley |
| 23:38 | Queue | Galley |
| 23:48 | Queue | Demolition Raft |
| 23:57 | Queue | Villager (Male) |
| 23:57 | Queue | Villager (Male) |
| 23:57 | Queue | Villager (Male) |
| 24:03 | Queue | Galley |
| 24:03 | Queue | Galley |
| 24:12 | Queue | Villager (Male) |
| 24:12 | Queue | Villager (Male) |
| 24:25 | Queue | Villager (Male) |
| 24:25 | Queue | Villager (Male) |
| 24:31 | Build | House |
| 24:49 | Queue | Galley |
| 24:49 | Queue | Galley |
| 24:50 | Queue | Galley |
| 24:50 | Queue | Galley |
| 24:57 | Queue | Villager (Male) |
| 24:57 | Queue | Villager (Male) |
| 25:09 | Build | House |
| 25:09 | Build | House |
| 25:10 | Build | House |
Build order — koebi
First 150 of 660 actions detected
| 0:16 | Build | Town Center |
| 0:33 | Build | Dock |
| 0:40 | Build | House |
| 2:37 | Queue | Villager (Male) |
| 2:37 | Queue | Villager (Male) |
| 2:37 | Queue | Villager (Male) |
| 2:37 | Queue | Villager (Male) |
| 3:36 | Queue | Villager (Male) |
| 3:39 | Queue | Fishing Ship |
| 4:06 | Build | House |
| 4:30 | Research | Loom |
| 4:44 | Build | House |
| 4:58 | Queue | Fishing Ship |
| 5:23 | Queue | Villager (Male) |
| 5:23 | Queue | Villager (Male) |
| 5:49 | Queue | Villager (Male) |
| 6:00 | Build | House |
| 6:07 | Queue | Villager (Male) |
| 6:24 | Build | House |
| 6:36 | Queue | Fishing Ship |
| 6:38 | Queue | Villager (Male) |
| 6:38 | Queue | Villager (Male) |
| 6:48 | Queue | Villager (Male) |
| 6:48 | Queue | Villager (Male) |
| 7:08 | Queue | Villager (Male) |
| 7:17 | Queue | Fishing Ship |
| 7:39 | Queue | Villager (Male) |
| 7:39 | Queue | Villager (Male) |
| 7:39 | Queue | Villager (Male) |
| 7:44 | Build | House |
| 8:04 | Queue | Villager (Male) |
| 8:04 | Queue | Villager (Male) |
| 8:06 | Build | House |
| 8:20 | Build | Mill |
| 8:23 | Queue | Villager (Male) |
| 8:23 | Queue | Villager (Male) |
| 8:26 | Build | House |
| 8:42 | Build | House |
| 8:53 | Queue | Fishing Ship |
| 9:04 | Build | House |
| 9:16 | Queue | Villager (Male) |
| 9:34 | Queue | Fishing Ship |
| 9:37 | Queue | Villager (Male) |
| 9:38 | Queue | Villager (Male) |
| 9:41 | Build | House |
| 9:55 | Build | House |
| 10:12 | Queue | Fishing Ship |
| 10:33 | Queue | Villager (Male) |
| 11:01 | Build | House |
| 11:13 | Research | Feudal Age |
| 11:28 | Build | Mining Camp |
| 11:44 | Queue | Villager (Male) |
| 12:45 | Build | Outpost |
| 13:22 | Build | Palisade Wall |
| 13:24 | Age | Feudal Age |
| 13:39 | Build | Market |
| 13:46 | Queue | Villager (Male) |
| 13:51 | Build | Blacksmith |
| 13:59 | Research | Town Watch |
| 14:18 | Build | Palisade Wall |
| 14:32 | Research | Castle Age |
| 14:36 | Build | Palisade Wall |
| 14:37 | Build | Palisade Wall |
| 14:38 | Build | Palisade Wall |
| 14:39 | Build | Palisade Wall |
| 14:56 | Build | Watch Tower |
| 15:32 | Build | Watch Tower |
| 15:40 | Build | Mining Camp |
| 16:06 | Queue | Villager (Male) |
| 16:16 | Build | House |
| 16:19 | Build | Dock |
| 17:19 | Age | Castle Age |
| 17:33 | Build | Siege Workshop |
| 17:45 | Queue | Villager (Male) |
| 17:45 | Queue | Villager (Male) |
| 17:49 | Queue | Villager (Male) |
| 17:50 | Queue | Villager (Male) |
| 18:12 | Build | Palisade Wall |
| 18:17 | Queue | Villager (Male) |
| 18:37 | Queue | Iron Pagoda |
| 18:37 | Queue | Iron Pagoda |
| 18:39 | Queue | Villager (Male) |
| 18:54 | Build | Palisade Wall |
| 18:59 | Build | Palisade Wall |
| 19:01 | Build | Palisade Wall |
| 19:13 | Build | Outpost |
| 19:39 | Queue | Villager (Male) |
| 19:43 | Build | Lumber Camp |
| 19:46 | Build | House |
| 20:10 | Queue | Villager (Male) |
| 20:24 | Build | Castle |
| 20:31 | Queue | Villager (Male) |
| 20:33 | Research | Fletching |
| 20:53 | Queue | Iron Pagoda |
| 20:55 | Research | Double-Bit Axe |
| 21:43 | Queue | Villager (Male) |
| 21:43 | Queue | Villager (Male) |
| 22:18 | Queue | Villager (Male) |
| 22:19 | Queue | Villager (Male) |
| 22:39 | Research | Tech 906 |
| 22:39 | Research | Tech 906 |
| 22:49 | Queue | Unit 1920 |
| 23:01 | Queue | Villager (Male) |
| 23:04 | Research | Bow Saw |
| 23:41 | Queue | Villager (Male) |
| 23:43 | Queue | Iron Pagoda |
| 23:50 | Queue | Unit 1920 |
| 24:05 | Queue | Villager (Male) |
| 24:08 | Build | House |
| 24:08 | Build | House |
| 24:20 | Build | Outpost |
| 24:23 | Queue | Villager (Male) |
| 24:54 | Queue | Villager (Male) |
| 24:57 | Build | Town Center |
| 25:09 | Queue | Villager (Male) |
| 25:11 | Research | Tech 1014 |
| 25:28 | Queue | Iron Pagoda |
| 25:32 | Build | Monastery |
| 25:36 | Build | House |
| 25:40 | Build | House |
| 25:43 | Queue | Villager (Male) |
| 25:44 | Queue | Villager (Male) |
| 25:52 | Build | Gate |
| 26:20 | Queue | Monk |
| 26:33 | Queue | Villager (Male) |
| 26:34 | Queue | Villager (Male) |
| 26:39 | Build | Pasture |
| 26:40 | Build | Pasture |
| 26:43 | Build | Pasture |
| 26:44 | Build | Pasture |
| 26:45 | Build | Pasture |
| 27:00 | Queue | Villager (Male) |
| 27:01 | Queue | Villager (Male) |
| 27:07 | Build | Gate |
| 27:10 | Build | Stone Wall |
| 27:13 | Build | House |
| 27:31 | Queue | Villager (Male) |
| 27:32 | Queue | Villager (Male) |
| 27:51 | Queue | Villager (Male) |
| 27:51 | Queue | Villager (Male) |
| 28:13 | Build | Stone Wall |
| 28:13 | Build | Stone Wall |
| 28:14 | Build | Stone Wall |
| 28:25 | Queue | Villager (Male) |
| 28:28 | Queue | Villager (Male) |
| 28:46 | Queue | Villager (Male) |
| 28:47 | Queue | Villager (Male) |
| 28:47 | Queue | Villager (Male) |
| 29:00 | Research | Gold Mining |
| 29:02 | Queue | Villager (Male) |
Build order — Skrillll
First 150 of 601 actions detected
| 0:03 | Build | Town Center |
| 0:23 | Build | Dock |
| 1:08 | Build | House |
| 2:25 | Build | Palisade Gate |
| 2:42 | Queue | Villager (Male) |
| 2:45 | Queue | Villager (Male) |
| 2:47 | Queue | Villager (Male) |
| 2:48 | Queue | Villager (Male) |
| 3:33 | Queue | Villager (Male) |
| 4:27 | Queue | Fishing Ship |
| 4:43 | Queue | Villager (Male) |
| 5:03 | Build | Palisade Gate |
| 5:11 | Queue | Villager (Male) |
| 5:12 | Queue | Villager (Male) |
| 5:17 | Build | House |
| 5:36 | Research | Loom |
| 5:51 | Queue | Fishing Ship |
| 5:51 | Queue | Fishing Ship |
| 5:57 | Queue | Villager (Male) |
| 5:57 | Queue | Villager (Male) |
| 6:24 | Queue | Villager (Male) |
| 6:24 | Queue | Villager (Male) |
| 6:54 | Queue | Villager (Male) |
| 6:56 | Queue | Fishing Ship |
| 6:56 | Queue | Fishing Ship |
| 7:02 | Build | House |
| 7:13 | Queue | Villager (Male) |
| 7:41 | Queue | Villager (Male) |
| 7:41 | Queue | Villager (Male) |
| 7:54 | Build | House |
| 7:55 | Build | Palisade Wall |
| 7:56 | Queue | Villager (Male) |
| 8:00 | Queue | Fishing Ship |
| 8:01 | Queue | Fishing Ship |
| 8:23 | Queue | Villager (Male) |
| 8:24 | Queue | Villager (Male) |
| 8:28 | Build | Palisade Wall |
| 8:29 | Build | Palisade Wall |
| 8:29 | Build | Palisade Wall |
| 8:38 | Queue | Fishing Ship |
| 8:38 | Queue | Fishing Ship |
| 8:52 | Queue | Villager (Male) |
| 9:25 | Build | House |
| 9:47 | Build | House |
| 9:49 | Queue | Fishing Ship |
| 9:49 | Queue | Villager (Male) |
| 9:52 | Build | House |
| 9:54 | Queue | Villager (Male) |
| 10:01 | Queue | Villager (Male) |
| 10:02 | Queue | Fishing Ship |
| 10:10 | Queue | Villager (Male) |
| 10:12 | Queue | Villager (Male) |
| 10:43 | Queue | Fishing Ship |
| 10:46 | Queue | Villager (Male) |
| 10:54 | Build | Outpost |
| 11:28 | Build | Palisade Wall |
| 11:54 | Build | Mining Camp |
| 12:12 | Build | Mining Camp |
| 12:14 | Queue | Villager (Male) |
| 12:21 | Queue | Villager (Male) |
| 12:29 | Research | Feudal Age |
| 12:29 | Research | Feudal Age |
| 13:02 | Build | Mill |
| 13:44 | Build | Lumber Camp |
| 13:51 | Build | Outpost |
| 13:56 | Build | Palisade Wall |
| 13:57 | Build | Palisade Wall |
| 14:04 | Build | House |
| 14:07 | Build | Outpost |
| 14:13 | Queue | Villager (Male) |
| 14:15 | Queue | Villager (Male) |
| 14:22 | Queue | Fishing Ship |
| 14:38 | Queue | Villager (Male) |
| 14:56 | Age | Feudal Age |
| 15:02 | Build | Blacksmith |
| 15:11 | Build | Watch Tower |
| 15:24 | Build | Market |
| 15:37 | Build | Watch Tower |
| 16:34 | Build | House |
| 16:41 | Research | Castle Age |
| 16:41 | Research | Castle Age |
| 17:17 | Queue | Villager (Male) |
| 17:28 | Queue | Villager (Male) |
| 17:31 | Queue | Villager (Male) |
| 17:51 | Research | Double-Bit Axe |
| 17:51 | Research | Double-Bit Axe |
| 17:55 | Queue | Fishing Ship |
| 17:59 | Research | Tech 906 |
| 18:49 | Queue | Villager (Male) |
| 18:59 | Queue | Villager (Male) |
| 19:21 | Age | Castle Age |
| 19:26 | Build | Town Center |
| 19:29 | Build | Siege Workshop |
| 19:44 | Build | Watch Tower |
| 19:54 | Queue | Fire Galley |
| 19:54 | Queue | Fire Galley |
| 19:55 | Queue | Villager (Male) |
| 20:04 | Queue | Mangonel |
| 20:04 | Queue | Mangonel |
| 20:07 | Queue | Villager (Male) |
| 20:08 | Queue | Villager (Male) |
| 20:16 | Research | Town Watch |
| 20:16 | Research | Town Watch |
| 20:16 | Queue | Villager (Male) |
| 20:17 | Queue | Villager (Male) |
| 20:23 | Queue | Villager (Male) |
| 20:28 | Queue | Villager (Male) |
| 20:40 | Build | Farm |
| 20:43 | Build | Farm |
| 20:43 | Build | Farm |
| 20:44 | Queue | Villager (Male) |
| 21:03 | Queue | Villager (Male) |
| 21:39 | Queue | Villager (Male) |
| 21:42 | Queue | Villager (Male) |
| 21:46 | Queue | Villager (Male) |
| 21:54 | Build | Monastery |
| 22:11 | Queue | Villager (Male) |
| 22:16 | Queue | Villager (Male) |
| 22:32 | Queue | Villager (Male) |
| 22:44 | Research | Fervor |
| 22:44 | Queue | Monk |
| 22:49 | Queue | Mangonel |
| 22:49 | Queue | Mangonel |
| 22:50 | Queue | Villager (Male) |
| 22:55 | Build | House |
| 22:57 | Build | Palisade Wall |
| 23:03 | Queue | Villager (Male) |
| 23:05 | Build | House |
| 23:08 | Build | House |
| 23:11 | Build | Palisade Wall |
| 23:14 | Build | Palisade Wall |
| 23:25 | Build | Farm |
| 23:26 | Build | Farm |
| 23:30 | Queue | Villager (Male) |
| 23:39 | Queue | Monk |
| 24:26 | Build | House |
| 24:28 | Build | House |
| 24:30 | Build | Farm |
| 24:39 | Build | House |
| 24:57 | Queue | Villager (Male) |
| 24:57 | Queue | Villager (Male) |
| 25:35 | Queue | Villager (Male) |
| 25:51 | Queue | Villager (Male) |
| 26:01 | Build | Farm |
| 26:03 | Build | Farm |
| 26:04 | Build | Farm |
| 26:04 | Queue | Villager (Male) |
| 26:15 | Build | House |
| 26:54 | Queue | Villager (Male) |
| 27:07 | Build | Town Center |
Build order — Ice2207
First 150 of 398 actions detected
| 0:28 | Build | Town Center |
| 1:26 | Build | House |
| 1:29 | Build | Dock |
| 2:43 | Queue | Villager (Male) |
| 2:44 | Queue | Villager (Male) |
| 2:44 | Queue | Villager (Male) |
| 2:44 | Queue | Villager (Male) |
| 2:44 | Queue | Villager (Male) |
| 3:54 | Queue | Fishing Ship |
| 3:54 | Queue | Fishing Ship |
| 4:21 | Research | Loom |
| 4:29 | Build | House |
| 4:36 | Queue | Villager (Male) |
| 5:07 | Build | House |
| 5:11 | Build | Palisade Wall |
| 5:17 | Queue | Villager (Male) |
| 5:17 | Queue | Villager (Male) |
| 5:39 | Queue | Villager (Male) |
| 6:03 | Queue | Fishing Ship |
| 6:03 | Queue | Fishing Ship |
| 6:05 | Queue | Villager (Male) |
| 6:32 | Queue | Villager (Male) |
| 6:32 | Queue | Villager (Male) |
| 6:48 | Queue | Fishing Ship |
| 6:50 | Queue | Villager (Male) |
| 7:21 | Queue | Villager (Male) |
| 7:33 | Build | House |
| 7:56 | Queue | Villager (Male) |
| 7:56 | Queue | Villager (Male) |
| 7:56 | Queue | Villager (Male) |
| 7:56 | Queue | Villager (Male) |
| 7:58 | Queue | Fishing Ship |
| 8:13 | Build | House |
| 8:21 | Build | Palisade Wall |
| 8:49 | Queue | Villager (Male) |
| 9:11 | Queue | Fishing Ship |
| 9:25 | Queue | Villager (Male) |
| 9:32 | Build | Lumber Camp |
| 9:59 | Queue | Villager (Male) |
| 10:02 | Build | House |
| 10:06 | Build | Palisade Wall |
| 10:25 | Queue | Villager (Male) |
| 10:43 | Build | Dock |
| 10:51 | Queue | Villager (Male) |
| 11:00 | Build | House |
| 11:09 | Build | Palisade Wall |
| 11:14 | Build | Palisade Wall |
| 11:20 | Queue | Villager (Male) |
| 11:33 | Research | Feudal Age |
| 11:50 | Build | Mining Camp |
| 12:10 | Build | Mill |
| 12:32 | Queue | Villager (Male) |
| 13:41 | Queue | Fishing Ship |
| 13:55 | Age | Feudal Age |
| 13:59 | Build | Market |
| 14:02 | Build | Blacksmith |
| 14:21 | Queue | Villager (Male) |
| 14:24 | Research | Double-Bit Axe |
| 14:51 | Queue | Villager (Male) |
| 15:15 | Queue | Villager (Male) |
| 15:57 | Build | Palisade Gate |
| 16:15 | Research | Castle Age |
| 17:09 | Build | Palisade Gate |
| 17:16 | Build | Palisade Gate |
| 17:48 | Queue | Villager (Male) |
| 17:51 | Queue | Galley |
| 17:51 | Queue | Galley |
| 17:52 | Queue | Galley |
| 17:53 | Queue | Galley |
| 17:56 | Research | Fletching |
| 18:41 | Queue | Galley |
| 18:55 | Age | Castle Age |
| 18:58 | Build | Town Center |
| 19:21 | Queue | Villager (Male) |
| 19:26 | Research | Horse Collar |
| 19:29 | Research | War Galley (upgrade) |
| 19:32 | Research | Bodkin Arrow |
| 19:36 | Queue | Galley |
| 19:36 | Queue | Galley |
| 20:05 | Build | Palisade Gate |
| 20:06 | Queue | Villager (Male) |
| 20:07 | Queue | Villager (Male) |
| 20:28 | Queue | Fishing Ship |
| 20:28 | Queue | Fishing Ship |
| 20:47 | Queue | Villager (Male) |
| 20:47 | Queue | Villager (Male) |
| 21:04 | Build | Farm |
| 21:19 | Queue | Villager (Male) |
| 21:19 | Queue | Villager (Male) |
| 21:31 | Queue | Fishing Ship |
| 21:31 | Queue | Fishing Ship |
| 21:50 | Build | Barracks |
| 21:58 | Build | House |
| 21:59 | Build | House |
| 22:00 | Build | House |
| 22:13 | Queue | Villager (Male) |
| 22:13 | Queue | Villager (Male) |
| 22:17 | Queue | Galley |
| 22:17 | Queue | Galley |
| 22:32 | Build | Stable |
| 22:36 | Queue | Villager (Male) |
| 22:36 | Queue | Villager (Male) |
| 22:56 | Build | House |
| 22:58 | Build | House |
| 22:59 | Build | House |
| 23:00 | Build | House |
| 23:02 | Queue | Villager (Male) |
| 23:02 | Queue | Villager (Male) |
| 23:20 | Queue | Fire Galley |
| 23:20 | Queue | Fire Galley |
| 23:28 | Queue | Villager (Male) |
| 23:28 | Queue | Villager (Male) |
| 23:39 | Build | Palisade Wall |
| 23:41 | Build | Palisade Wall |
| 23:44 | Queue | Knight |
| 23:45 | Queue | Knight |
| 23:48 | Research | Scale Barding Armor |
| 24:07 | Build | House |
| 24:11 | Queue | Villager (Male) |
| 24:11 | Queue | Villager (Male) |
| 24:44 | Queue | Knight |
| 24:45 | Queue | Villager (Male) |
| 24:45 | Queue | Villager (Male) |
| 25:24 | Build | Castle |
| 25:34 | Queue | Villager (Male) |
| 25:34 | Queue | Villager (Male) |
| 25:55 | Build | Siege Workshop |
| 26:00 | Queue | Villager (Male) |
| 26:00 | Queue | Villager (Male) |
| 26:15 | Queue | Villager (Male) |
| 26:15 | Queue | Villager (Male) |
| 26:38 | Build | House |
| 26:42 | Build | Palisade Wall |
| 26:47 | Build | Palisade Wall |
| 26:53 | Queue | Fishing Ship |
| 26:53 | Queue | Fishing Ship |
| 26:54 | Queue | Villager (Male) |
| 26:54 | Queue | Villager (Male) |
| 27:07 | Queue | Galley |
| 27:08 | Queue | Galley |
| 27:37 | Build | Town Center |
| 27:51 | Build | Watch Tower |
| 27:59 | Build | Farm |
| 27:59 | Build | Farm |
| 27:59 | Build | Farm |
| 28:02 | Research | Heavy Plow |
| 28:07 | Build | Farm |
| 28:07 | Build | Farm |
| 28:07 | Build | Farm |
| 28:07 | Build | Farm |
Build order — BehCoY
First 150 of 912 actions detected
| 0:15 | Build | Town Center |
| 0:43 | Build | Dock |
| 0:46 | Build | House |
| 2:33 | Queue | Villager (Male) |
| 2:34 | Queue | Villager (Male) |
| 2:34 | Queue | Villager (Male) |
| 2:35 | Queue | Villager (Male) |
| 2:59 | Research | Loom |
| 3:02 | Queue | Villager (Male) |
| 3:03 | Queue | Villager (Male) |
| 3:15 | Queue | Fishing Ship |
| 3:15 | Queue | Fishing Ship |
| 3:45 | Queue | Villager (Male) |
| 3:45 | Queue | Villager (Male) |
| 4:02 | Build | House |
| 4:34 | Queue | Villager (Male) |
| 4:34 | Queue | Villager (Male) |
| 5:10 | Queue | Villager (Male) |
| 5:18 | Queue | Fishing Ship |
| 5:18 | Queue | Fishing Ship |
| 5:43 | Queue | Villager (Male) |
| 5:44 | Queue | Villager (Male) |
| 6:09 | Queue | Fishing Ship |
| 6:22 | Queue | Villager (Male) |
| 6:31 | Build | House |
| 6:43 | Queue | Fishing Ship |
| 6:43 | Queue | Fishing Ship |
| 6:46 | Queue | Villager (Male) |
| 7:08 | Queue | Villager (Male) |
| 7:33 | Queue | Fishing Ship |
| 7:33 | Queue | Fishing Ship |
| 7:34 | Queue | Villager (Male) |
| 7:34 | Queue | Villager (Male) |
| 7:51 | Queue | Villager (Male) |
| 7:51 | Queue | Villager (Male) |
| 7:58 | Build | House |
| 8:16 | Queue | Fishing Ship |
| 8:17 | Queue | Fishing Ship |
| 8:24 | Queue | Villager (Male) |
| 8:29 | Build | House |
| 8:44 | Queue | Villager (Male) |
| 9:06 | Queue | Fishing Ship |
| 9:29 | Queue | Villager (Male) |
| 9:36 | Queue | Fishing Ship |
| 9:36 | Queue | Fishing Ship |
| 9:49 | Queue | Villager (Male) |
| 10:08 | Build | House |
| 10:11 | Queue | Villager (Male) |
| 10:36 | Build | Mill |
| 10:44 | Queue | Villager (Male) |
| 11:02 | Build | Mining Camp |
| 11:23 | Research | Feudal Age |
| 12:29 | Queue | Villager (Male) |
| 13:10 | Build | Dock |
| 13:33 | Age | Feudal Age |
| 13:35 | Queue | Villager (Male) |
| 13:37 | Build | Market |
| 13:54 | Build | Blacksmith |
| 13:58 | Queue | Villager (Male) |
| 14:02 | Build | House |
| 14:26 | Build | Lumber Camp |
| 14:38 | Research | Castle Age |
| 15:04 | Research | Double-Bit Axe |
| 15:39 | Build | Palisade Wall |
| 15:40 | Build | Palisade Wall |
| 15:42 | Build | Palisade Wall |
| 15:43 | Build | Palisade Wall |
| 15:50 | Build | Palisade Wall |
| 15:51 | Build | Palisade Wall |
| 15:55 | Build | Palisade Wall |
| 15:58 | Build | Palisade Wall |
| 16:30 | Queue | Fire Galley |
| 16:30 | Queue | Fire Galley |
| 16:48 | Build | House |
| 16:54 | Build | Palisade Wall |
| 17:05 | Queue | Villager (Male) |
| 17:08 | Research | Gold Mining |
| 17:22 | Queue | Fire Galley |
| 17:22 | Queue | Fire Galley |
| 17:25 | Queue | Fire Galley |
| 17:25 | Queue | Fire Galley |
| 17:28 | Age | Castle Age |
| 17:37 | Build | Town Center |
| 17:40 | Build | Palisade Wall |
| 17:45 | Build | Palisade Wall |
| 17:48 | Queue | Villager (Male) |
| 17:48 | Queue | Villager (Male) |
| 17:49 | Queue | Villager (Male) |
| 18:09 | Build | Palisade Wall |
| 18:10 | Build | Palisade Wall |
| 18:17 | Queue | Villager (Male) |
| 18:18 | Queue | Villager (Male) |
| 18:20 | Queue | Villager (Male) |
| 18:23 | Queue | Villager (Male) |
| 18:23 | Queue | Villager (Male) |
| 18:30 | Queue | Villager (Male) |
| 18:46 | Research | War Galley (upgrade) |
| 18:52 | Research | Bow Saw |
| 18:56 | Build | University |
| 18:58 | Queue | Villager (Male) |
| 19:06 | Queue | Villager (Male) |
| 19:14 | Queue | Villager (Male) |
| 19:14 | Queue | Villager (Male) |
| 19:15 | Queue | Villager (Male) |
| 19:15 | Queue | Villager (Male) |
| 19:15 | Queue | Villager (Male) |
| 19:21 | Queue | Villager (Male) |
| 19:21 | Queue | Villager (Male) |
| 19:29 | Queue | Galley |
| 19:29 | Queue | Galley |
| 19:31 | Research | Fletching |
| 19:34 | Queue | Villager (Male) |
| 19:45 | Research | Tech 908 |
| 19:54 | Queue | Galley |
| 19:55 | Queue | Galley |
| 20:05 | Queue | Galley |
| 20:05 | Queue | Galley |
| 20:07 | Queue | Villager (Male) |
| 20:16 | Queue | Villager (Male) |
| 20:29 | Queue | Villager (Male) |
| 20:31 | Build | House |
| 20:36 | Build | House |
| 20:37 | Queue | Villager (Male) |
| 20:37 | Queue | Villager (Male) |
| 20:44 | Queue | Galley |
| 20:44 | Queue | Galley |
| 20:46 | Queue | Villager (Male) |
| 20:46 | Queue | Villager (Male) |
| 20:49 | Queue | Villager (Male) |
| 21:03 | Build | Town Center |
| 21:13 | Build | House |
| 21:15 | Build | House |
| 21:17 | Build | House |
| 21:25 | Queue | Villager (Male) |
| 21:34 | Queue | Villager (Male) |
| 21:37 | Queue | Galley |
| 21:37 | Queue | Galley |
| 21:37 | Queue | Galley |
| 22:05 | Queue | Villager (Male) |
| 22:07 | Queue | Trade Cart |
| 22:12 | Queue | Villager (Male) |
| 22:12 | Queue | Villager (Male) |
| 22:42 | Research | Ballistics |
| 22:43 | Queue | Galley |
| 22:43 | Queue | Galley |
| 22:43 | Queue | Galley |
| 23:03 | Build | Dock |
| 23:05 | Queue | Villager (Male) |
| 23:05 | Queue | Villager (Male) |
| 23:07 | Build | House |
Build order — Daniel Chassagnez
First 150 of 705 actions detected
| 0:03 | Build | Town Center |
| 0:49 | Build | Dock |
| 2:30 | Queue | Villager (Male) |
| 2:31 | Queue | Villager (Male) |
| 2:31 | Queue | Villager (Male) |
| 2:31 | Queue | Villager (Male) |
| 2:31 | Queue | Villager (Male) |
| 3:06 | Build | House |
| 3:16 | Research | Loom |
| 3:18 | Queue | Villager (Male) |
| 3:22 | Queue | Villager (Male) |
| 3:22 | Queue | Villager (Male) |
| 3:26 | Queue | Villager (Male) |
| 3:26 | Queue | Villager (Male) |
| 3:39 | Queue | Villager (Male) |
| 3:46 | Queue | Fishing Ship |
| 3:51 | Queue | Villager (Male) |
| 3:51 | Queue | Villager (Male) |
| 4:05 | Build | House |
| 4:54 | Queue | Villager (Male) |
| 4:54 | Queue | Villager (Male) |
| 5:21 | Queue | Villager (Male) |
| 5:21 | Queue | Villager (Male) |
| 5:24 | Queue | Fishing Ship |
| 5:46 | Queue | Villager (Male) |
| 5:46 | Queue | Villager (Male) |
| 6:01 | Build | House |
| 6:28 | Queue | Villager (Male) |
| 6:28 | Queue | Villager (Male) |
| 6:29 | Queue | Villager (Male) |
| 6:37 | Queue | Villager (Male) |
| 6:38 | Queue | Villager (Male) |
| 6:38 | Queue | Villager (Male) |
| 6:54 | Queue | Fishing Ship |
| 7:07 | Queue | Villager (Male) |
| 7:07 | Queue | Villager (Male) |
| 7:23 | Build | Mill |
| 7:25 | Queue | Villager (Male) |
| 7:27 | Queue | Villager (Male) |
| 7:31 | Queue | Villager (Male) |
| 7:39 | Queue | Villager (Male) |
| 7:46 | Queue | Villager (Male) |
| 7:49 | Queue | Villager (Male) |
| 7:55 | Build | House |
| 7:59 | Queue | Villager (Male) |
| 8:14 | Queue | Villager (Male) |
| 8:17 | Queue | Villager (Male) |
| 8:26 | Build | Mill |
| 8:29 | Queue | Villager (Male) |
| 8:35 | Queue | Villager (Male) |
| 8:47 | Queue | Villager (Male) |
| 8:55 | Queue | Villager (Male) |
| 8:59 | Queue | Villager (Male) |
| 9:05 | Queue | Fishing Ship |
| 9:16 | Build | House |
| 9:36 | Queue | Villager (Male) |
| 9:40 | Queue | Villager (Male) |
| 9:44 | Queue | Villager (Male) |
| 9:47 | Build | House |
| 10:01 | Research | Feudal Age |
| 10:01 | Research | Feudal Age |
| 10:28 | Queue | Villager (Male) |
| 10:40 | Queue | Villager (Male) |
| 10:47 | Build | Outpost |
| 10:56 | Build | House |
| 11:03 | Build | Palisade Gate |
| 11:05 | Build | Palisade Wall |
| 11:29 | Queue | Villager (Male) |
| 11:34 | Queue | Villager (Male) |
| 11:44 | Build | Palisade Wall |
| 11:51 | Queue | Villager (Male) |
| 11:54 | Queue | Villager (Male) |
| 12:00 | Build | Mining Camp |
| 12:11 | Age | Feudal Age |
| 12:13 | Queue | Villager (Male) |
| 12:28 | Queue | Villager (Male) |
| 12:33 | Queue | Villager (Male) |
| 12:36 | Queue | Villager (Male) |
| 12:41 | Queue | Villager (Male) |
| 12:44 | Queue | Villager (Male) |
| 12:51 | Queue | Villager (Male) |
| 12:56 | Queue | Villager (Male) |
| 12:58 | Build | Mill |
| 13:03 | Build | Mill |
| 13:07 | Build | Barracks |
| 13:07 | Queue | Villager (Male) |
| 13:17 | Build | House |
| 13:18 | Build | House |
| 13:19 | Build | House |
| 13:28 | Build | House |
| 13:35 | Queue | Villager (Male) |
| 13:37 | Queue | Villager (Male) |
| 13:47 | Build | Lumber Camp |
| 13:51 | Queue | Villager (Male) |
| 13:53 | Queue | Villager (Male) |
| 13:54 | Queue | Villager (Male) |
| 13:58 | Queue | Villager (Male) |
| 14:04 | Queue | Villager (Male) |
| 14:08 | Queue | Villager (Male) |
| 14:18 | Build | Outpost |
| 14:21 | Research | Town Watch |
| 14:24 | Research | Double-Bit Axe |
| 14:28 | Queue | Villager (Male) |
| 14:32 | Queue | Villager (Male) |
| 14:36 | Queue | Villager (Male) |
| 14:39 | Queue | Villager (Male) |
| 14:53 | Build | Outpost |
| 14:55 | Queue | Villager (Male) |
| 14:58 | Queue | Villager (Male) |
| 14:59 | Queue | Villager (Male) |
| 15:05 | Queue | Villager (Male) |
| 15:13 | Build | Archery Range |
| 15:14 | Queue | Villager (Male) |
| 15:17 | Queue | Villager (Male) |
| 15:31 | Build | Outpost |
| 15:33 | Queue | Villager (Male) |
| 15:37 | Queue | Villager (Male) |
| 15:42 | Queue | Villager (Male) |
| 15:50 | Build | Blacksmith |
| 15:52 | Queue | Villager (Male) |
| 15:54 | Queue | Villager (Male) |
| 16:04 | Queue | Villager (Male) |
| 16:09 | Build | Farm |
| 16:11 | Build | Farm |
| 16:22 | Build | Farm |
| 16:23 | Queue | Villager (Male) |
| 16:26 | Queue | Villager (Male) |
| 16:29 | Build | Farm |
| 16:43 | Build | Farm |
| 16:44 | Queue | Villager (Male) |
| 16:57 | Research | Castle Age |
| 16:57 | Research | Castle Age |
| 17:08 | Build | House |
| 17:11 | Build | House |
| 17:12 | Queue | Villager (Male) |
| 17:19 | Queue | Villager (Male) |
| 17:25 | Build | Watch Tower |
| 17:46 | Queue | Villager (Male) |
| 17:48 | Queue | Archer |
| 17:52 | Queue | Villager (Male) |
| 17:57 | Queue | Villager (Male) |
| 18:11 | Research | Horse Collar |
| 18:19 | Queue | Villager (Male) |
| 18:19 | Queue | Villager (Male) |
| 18:25 | Queue | Villager (Male) |
| 18:33 | Queue | Villager (Male) |
| 18:34 | Queue | Archer |
| 18:39 | Queue | Villager (Male) |
| 18:43 | Queue | Villager (Male) |
| 18:45 | Research | Gold Mining |
Build order — Tylenol
First 150 of 1000 actions detected
| 0:21 | Build | Town Center |
| 1:37 | Build | House |
| 1:38 | Build | Dock |
| 2:51 | Queue | Villager (Male) |
| 2:51 | Queue | Villager (Male) |
| 3:05 | Queue | Villager (Male) |
| 3:05 | Queue | Villager (Male) |
| 3:05 | Queue | Villager (Male) |
| 3:05 | Queue | Villager (Male) |
| 4:12 | Build | House |
| 4:30 | Queue | Fishing Ship |
| 4:33 | Research | Loom |
| 4:33 | Research | Loom |
| 5:25 | Queue | Villager (Male) |
| 5:44 | Build | Mill |
| 6:05 | Queue | Villager (Male) |
| 6:05 | Queue | Villager (Male) |
| 6:27 | Queue | Villager (Male) |
| 6:27 | Queue | Villager (Male) |
| 6:28 | Queue | Villager (Male) |
| 6:38 | Queue | Villager (Male) |
| 7:12 | Build | House |
| 7:15 | Queue | Villager (Male) |
| 7:15 | Queue | Villager (Male) |
| 7:27 | Queue | Fishing Ship |
| 7:27 | Queue | Fishing Ship |
| 7:44 | Queue | Villager (Male) |
| 7:44 | Queue | Villager (Male) |
| 7:44 | Queue | Villager (Male) |
| 7:50 | Queue | Villager (Male) |
| 7:50 | Queue | Villager (Male) |
| 7:50 | Queue | Villager (Male) |
| 8:10 | Queue | Villager (Male) |
| 8:10 | Queue | Villager (Male) |
| 8:19 | Build | House |
| 8:26 | Queue | Fishing Ship |
| 8:37 | Queue | Villager (Male) |
| 8:50 | Build | House |
| 8:55 | Queue | Villager (Male) |
| 8:56 | Queue | Villager (Male) |
| 8:56 | Queue | Villager (Male) |
| 8:56 | Queue | Villager (Male) |
| 9:14 | Queue | Villager (Male) |
| 9:14 | Queue | Villager (Male) |
| 9:14 | Queue | Villager (Male) |
| 9:29 | Queue | Fishing Ship |
| 9:35 | Queue | Villager (Male) |
| 9:48 | Queue | Villager (Male) |
| 9:50 | Queue | Villager (Male) |
| 10:03 | Queue | Fishing Ship |
| 10:41 | Research | Feudal Age |
| 10:42 | Research | Feudal Age |
| 10:52 | Queue | Fishing Ship |
| 11:03 | Build | House |
| 12:08 | Build | Barracks |
| 12:45 | Queue | Villager (Male) |
| 12:51 | Age | Feudal Age |
| 12:53 | Queue | Villager (Male) |
| 12:55 | Build | Stable |
| 12:58 | Queue | Villager (Male) |
| 13:05 | Build | Lumber Camp |
| 13:31 | Research | Double-Bit Axe |
| 13:41 | Build | House |
| 13:41 | Queue | Scout Cavalry |
| 13:43 | Queue | Scout Cavalry |
| 13:53 | Queue | Villager (Male) |
| 13:54 | Queue | Scout Cavalry |
| 14:03 | Build | House |
| 14:10 | Queue | Villager (Male) |
| 14:11 | Queue | Scout Cavalry |
| 14:25 | Queue | Villager (Male) |
| 14:39 | Build | Blacksmith |
| 14:50 | Queue | Scout Cavalry |
| 15:02 | Build | Mill |
| 15:13 | Queue | Villager (Male) |
| 15:16 | Queue | Villager (Male) |
| 15:27 | Queue | Scout Cavalry |
| 16:06 | Queue | Scout Cavalry |
| 16:19 | Queue | Villager (Male) |
| 16:29 | Build | Mining Camp |
| 16:37 | Queue | Scout Cavalry |
| 16:38 | Queue | Villager (Male) |
| 16:40 | Build | Farm |
| 16:41 | Research | Horse Collar |
| 16:42 | Research | Horse Collar |
| 16:45 | Build | Farm |
| 17:22 | Queue | Villager (Male) |
| 17:26 | Build | House |
| 17:28 | Build | Farm |
| 17:29 | Build | Farm |
| 17:29 | Build | Farm |
| 17:31 | Queue | Villager (Male) |
| 17:43 | Queue | Villager (Male) |
| 17:52 | Build | Farm |
| 18:15 | Research | Gold Mining |
| 18:36 | Build | Farm |
| 18:36 | Build | Farm |
| 18:37 | Build | Farm |
| 18:37 | Build | Farm |
| 18:37 | Build | Farm |
| 19:17 | Research | Castle Age |
| 19:25 | Research | Scale Barding Armor |
| 19:25 | Research | Scale Barding Armor |
| 19:30 | Build | Stable |
| 20:07 | Research | Forging |
| 20:07 | Research | Forging |
| 20:49 | Research | Bloodlines |
| 20:49 | Research | Bloodlines |
| 21:57 | Age | Castle Age |
| 22:02 | Queue | Shrivamsha Rider |
| 22:02 | Queue | Shrivamsha Rider |
| 22:02 | Queue | Shrivamsha Rider |
| 22:08 | Research | Husbandry |
| 22:08 | Research | Husbandry |
| 22:09 | Research | Light Cavalry (upgrade) |
| 22:13 | Queue | Villager (Male) |
| 22:17 | Queue | Villager (Male) |
| 22:22 | Build | Town Center |
| 22:27 | Build | Monastery |
| 22:31 | Research | Husbandry |
| 22:34 | Queue | Scout Cavalry |
| 22:34 | Queue | Scout Cavalry |
| 22:37 | Queue | Villager (Male) |
| 22:37 | Queue | Villager (Male) |
| 22:53 | Queue | Villager (Male) |
| 22:53 | Queue | Villager (Male) |
| 22:57 | Build | House |
| 23:36 | Queue | Villager (Male) |
| 23:36 | Queue | Villager (Male) |
| 23:39 | Build | Farm |
| 23:40 | Build | Farm |
| 23:40 | Build | Farm |
| 23:45 | Build | Town Center |
| 23:49 | Queue | Villager (Male) |
| 23:49 | Queue | Villager (Male) |
| 23:50 | Queue | Monk |
| 24:17 | Queue | Villager (Male) |
| 24:17 | Queue | Villager (Male) |
| 24:18 | Queue | Villager (Male) |
| 24:19 | Queue | Villager (Male) |
| 24:20 | Build | Farm |
| 24:22 | Build | House |
| 24:23 | Queue | Villager (Male) |
| 24:24 | Queue | Villager (Male) |
| 24:29 | Build | Farm |
| 25:01 | Queue | Villager (Male) |
| 25:01 | Queue | Villager (Male) |
| 25:07 | Build | Farm |
| 25:18 | Queue | Villager (Male) |
| 25:18 | Queue | Villager (Male) |
Build order — Moussaillon
First 150 of 617 actions detected
| 0:10 | Build | House |
| 0:26 | Build | Town Center |
| 1:06 | Build | Dock |
| 1:09 | Build | Palisade Wall |
| 1:12 | Build | Palisade Wall |
| 1:14 | Build | Palisade Wall |
| 2:46 | Queue | Villager (Male) |
| 2:46 | Queue | Villager (Male) |
| 2:47 | Queue | Villager (Male) |
| 2:47 | Queue | Villager (Male) |
| 2:53 | Queue | Villager (Male) |
| 2:53 | Queue | Villager (Male) |
| 2:53 | Queue | Villager (Male) |
| 2:59 | Queue | Fishing Ship |
| 3:47 | Queue | Villager (Male) |
| 3:47 | Queue | Villager (Male) |
| 4:04 | Queue | Fishing Ship |
| 4:04 | Queue | Fishing Ship |
| 4:31 | Build | House |
| 5:16 | Queue | Villager (Male) |
| 5:16 | Queue | Villager (Male) |
| 5:18 | Queue | Fishing Ship |
| 5:47 | Queue | Fishing Ship |
| 5:54 | Queue | Villager (Male) |
| 5:54 | Queue | Villager (Male) |
| 5:54 | Queue | Villager (Male) |
| 6:13 | Build | House |
| 6:15 | Build | House |
| 6:35 | Queue | Villager (Male) |
| 6:35 | Queue | Villager (Male) |
| 6:40 | Build | House |
| 6:42 | Research | Loom |
| 6:57 | Queue | Villager (Male) |
| 6:59 | Queue | Fishing Ship |
| 7:18 | Queue | Villager (Male) |
| 7:34 | Build | House |
| 7:45 | Queue | Villager (Male) |
| 7:50 | Queue | Villager (Male) |
| 7:59 | Build | House |
| 8:07 | Queue | Villager (Male) |
| 8:07 | Queue | Villager (Male) |
| 8:13 | Queue | Villager (Male) |
| 8:19 | Build | House |
| 8:39 | Queue | Fishing Ship |
| 8:42 | Build | House |
| 8:50 | Queue | Villager (Male) |
| 8:53 | Queue | Fishing Ship |
| 8:57 | Build | House |
| 9:05 | Build | House |
| 9:06 | Build | House |
| 9:11 | Queue | Villager (Male) |
| 9:17 | Build | House |
| 9:35 | Queue | Villager (Male) |
| 9:37 | Queue | Fishing Ship |
| 9:50 | Queue | Villager (Male) |
| 10:05 | Build | Mill |
| 10:21 | Queue | Villager (Male) |
| 10:31 | Build | Mill |
| 10:45 | Queue | Villager (Male) |
| 10:46 | Queue | Fishing Ship |
| 11:09 | Queue | Villager (Male) |
| 11:19 | Build | House |
| 11:22 | Queue | Villager (Male) |
| 11:43 | Queue | Villager (Male) |
| 12:08 | Queue | Villager (Male) |
| 12:18 | Build | House |
| 12:29 | Research | Feudal Age |
| 12:42 | Build | Mining Camp |
| 13:02 | Queue | Villager (Male) |
| 13:24 | Queue | Villager (Male) |
| 13:51 | Queue | Villager (Male) |
| 14:35 | Queue | Villager (Male) |
| 14:48 | Age | Feudal Age |
| 14:50 | Build | Market |
| 14:51 | Build | Blacksmith |
| 15:05 | Research | Town Watch |
| 15:38 | Research | Castle Age |
| 16:26 | Queue | Unit 2626 |
| 16:46 | Build | Dock |
| 17:19 | Queue | Unit 2626 |
| 17:21 | Queue | Villager (Male) |
| 18:03 | Age | Castle Age |
| 18:06 | Queue | Villager (Male) |
| 18:15 | Queue | Villager (Male) |
| 18:18 | Build | Lumber Camp |
| 18:21 | Queue | Villager (Male) |
| 18:40 | Queue | Unit 2626 |
| 18:41 | Queue | Villager (Male) |
| 18:48 | Queue | Villager (Male) |
| 18:53 | Build | House |
| 19:00 | Queue | Villager (Male) |
| 19:15 | Research | Double-Bit Axe |
| 19:19 | Queue | Villager (Male) |
| 19:23 | Build | House |
| 19:25 | Build | Palisade Wall |
| 19:41 | Queue | Villager (Male) |
| 20:18 | Build | Barracks |
| 20:37 | Queue | Villager (Male) |
| 20:39 | Build | House |
| 20:46 | Queue | Villager (Male) |
| 20:54 | Research | Bow Saw |
| 21:00 | Queue | Villager (Male) |
| 21:06 | Queue | Villager (Male) |
| 21:18 | Build | Town Center |
| 21:22 | Queue | Villager (Male) |
| 21:25 | Research | Wheelbarrow |
| 21:27 | Research | Horse Collar |
| 21:27 | Research | Horse Collar |
| 21:34 | Build | Farm |
| 21:59 | Build | Farm |
| 22:11 | Build | Farm |
| 22:13 | Build | Farm |
| 22:14 | Queue | Villager (Male) |
| 22:24 | Queue | Spearman |
| 22:24 | Queue | Spearman |
| 22:27 | Queue | Villager (Male) |
| 22:31 | Queue | Villager (Male) |
| 22:38 | Queue | Villager (Male) |
| 22:56 | Build | Stable |
| 22:59 | Queue | Villager (Male) |
| 22:59 | Queue | Villager (Male) |
| 23:06 | Build | Palisade Gate |
| 23:21 | Build | Farm |
| 23:27 | Research | Scale Barding Armor |
| 23:30 | Queue | Villager (Male) |
| 23:30 | Queue | Villager (Male) |
| 23:34 | Queue | Villager (Male) |
| 23:41 | Queue | Knight |
| 23:41 | Queue | Knight |
| 23:42 | Queue | Villager (Male) |
| 23:49 | Build | Stable |
| 23:50 | Queue | Villager (Male) |
| 24:07 | Queue | Villager (Male) |
| 24:10 | Build | Farm |
| 24:13 | Build | Farm |
| 24:15 | Build | Farm |
| 24:18 | Build | Farm |
| 24:21 | Build | Farm |
| 24:21 | Queue | Villager (Male) |
| 24:30 | Queue | Villager (Male) |
| 25:02 | Queue | Villager (Male) |
| 25:02 | Queue | Villager (Male) |
| 25:14 | Queue | Knight |
| 25:14 | Queue | Knight |
| 25:22 | Build | Farm |
| 25:23 | Build | Farm |
| 25:25 | Queue | Villager (Male) |
| 25:36 | Queue | Knight |
| 25:37 | Queue | Knight |
| 25:37 | Queue | Villager (Male) |
Match timeline
| 0:23 | Skrillll · first_building Dock |
| 0:33 | koebi · first_building Dock |
| 0:43 | BehCoY · first_building Dock |
| 0:49 | Daniel Chassagnez · first_building Dock |
| 1:06 | Moussaillon · first_building Dock |
| 1:09 | Moussaillon · wall_segment Palisade Wall x1 |
| 1:11 | Rojo, el camionero. · first_building Dock |
| 1:12 | Moussaillon · wall_segment Palisade Wall x1 |
| 1:14 | Moussaillon · wall_segment Palisade Wall x1 |
| 1:29 | Ice2207 · first_building Dock |
| 1:38 | Tylenol · first_building Dock |
| 5:11 | Ice2207 · wall_segment Palisade Wall x3 |
| 7:55 | Skrillll · wall_segment Palisade Wall x1 |
| 8:21 | Ice2207 · wall_segment Palisade Wall x7 |
| 8:28 | Skrillll · wall_segment Palisade Wall x1 |
| 8:29 | Skrillll · wall_segment Palisade Wall x1 |
| 8:29 | Skrillll · wall_segment Palisade Wall x1 |
| 10:06 | Ice2207 · wall_segment Palisade Wall x2 |
| 11:05 | Daniel Chassagnez · wall_segment Palisade Wall x3 |
| 11:09 | Ice2207 · wall_segment Palisade Wall x8 |
| 11:14 | Ice2207 · wall_segment Palisade Wall x14 |
| 11:28 | Skrillll · wall_segment Palisade Wall x9 |
| 11:44 | Daniel Chassagnez · wall_segment Palisade Wall x1 |
| 12:08 | Tylenol · first_building Barracks |
| 12:11 | Daniel Chassagnez · age_up feudal |
| 12:51 | Tylenol · age_up feudal |
| 12:55 | Tylenol · first_building Stable |
| 13:07 | Daniel Chassagnez · first_building Barracks |
| 13:22 | koebi · wall_segment Palisade Wall x7 |
| 13:24 | koebi · age_up feudal |
| 13:33 | BehCoY · age_up feudal |
| 13:55 | Ice2207 · age_up feudal |
| 13:56 | Skrillll · wall_segment Palisade Wall x3 |
| 13:57 | Skrillll · wall_segment Palisade Wall x1 |
| 14:01 | Rojo, el camionero. · age_up feudal |
| 14:18 | koebi · wall_segment Palisade Wall x7 |
| 14:36 | koebi · wall_segment Palisade Wall x1 |
| 14:37 | koebi · wall_segment Palisade Wall x1 |
| 14:38 | koebi · wall_segment Palisade Wall x1 |
| 14:39 | koebi · wall_segment Palisade Wall x1 |
| 14:48 | Moussaillon · age_up feudal |
| 14:56 | Skrillll · age_up feudal |
| 15:13 | Daniel Chassagnez · first_building Archery Range |
| 15:39 | BehCoY · wall_segment Palisade Wall x1 |
| 15:40 | BehCoY · wall_segment Palisade Wall x1 |
| 15:42 | BehCoY · wall_segment Palisade Wall x1 |
| 15:43 | BehCoY · wall_segment Palisade Wall x1 |
| 15:50 | BehCoY · wall_segment Palisade Wall x1 |
| 15:51 | BehCoY · wall_segment Palisade Wall x1 |
| 15:55 | BehCoY · wall_segment Palisade Wall x1 |
| 15:58 | BehCoY · wall_segment Palisade Wall x1 |
| 16:41 | Skrillll · first_market_sell 100 wood |
| 16:54 | BehCoY · wall_segment Palisade Wall x1 |
| 17:19 | koebi · age_up castle |
| 17:28 | BehCoY · age_up castle |
| 17:33 | koebi · first_building Siege Workshop |
| 17:35 | Rojo, el camionero. · age_up castle |
| 17:40 | BehCoY · wall_segment Palisade Wall x1 |
| 17:45 | BehCoY · wall_segment Palisade Wall x1 |
| 18:03 | Moussaillon · age_up castle |
| 18:09 | BehCoY · wall_segment Palisade Wall x1 |
| 18:10 | BehCoY · wall_segment Palisade Wall x1 |
| 18:11 | Moussaillon · first_market_buy 100 wood |
| 18:12 | koebi · wall_segment Palisade Wall x6 |
| 18:43 | BehCoY · first_market_sell 100 food |
| 18:54 | koebi · wall_segment Palisade Wall x1 |
| 18:55 | Ice2207 · age_up castle |
| 18:59 | koebi · wall_segment Palisade Wall x1 |
| 19:01 | koebi · wall_segment Palisade Wall x1 |
| 19:18 | Daniel Chassagnez · wall_segment Palisade Wall x1 |
| 19:21 | Skrillll · age_up castle |
| 19:25 | Moussaillon · wall_segment Palisade Wall x4 |
| 19:29 | Skrillll · first_building Siege Workshop |
| 19:37 | Daniel Chassagnez · age_up castle |
| 19:38 | Skrillll · first_market_buy 100 stone |
| 20:18 | Moussaillon · first_building Barracks |
| 20:24 | koebi · first_building Castle |
| 21:50 | Ice2207 · first_building Barracks |
| 21:54 | Skrillll · first_building Monastery |
| 21:57 | Tylenol · age_up castle |
| 22:12 | BehCoY · first_market_buy 100 wood |
| 22:27 | Tylenol · first_building Monastery |
| 22:32 | Ice2207 · first_building Stable |
| 22:56 | Moussaillon · first_building Stable |
| 22:57 | Skrillll · wall_segment Palisade Wall x1 |
| 23:11 | Skrillll · wall_segment Palisade Wall x1 |
| 23:14 | Skrillll · wall_segment Palisade Wall x1 |
| 23:39 | Ice2207 · wall_segment Palisade Wall x1 |
| 23:41 | Ice2207 · wall_segment Palisade Wall x5 |
| 24:57 | Ice2207 · first_market_sell 100 wood |
| 24:58 | Ice2207 · first_market_buy 100 food |
| 25:21 | Rojo, el camionero. · first_building Castle |
| 25:24 | Ice2207 · first_building Castle |
| 25:32 | koebi · first_building Monastery |
| 25:48 | Daniel Chassagnez · first_market_buy 100 stone |
| 25:55 | Ice2207 · first_building Siege Workshop |
| 26:42 | Ice2207 · wall_segment Palisade Wall x5 |
| 26:47 | Ice2207 · wall_segment Palisade Wall x1 |
| 27:10 | koebi · wall_segment Stone Wall x8 |
| 28:13 | koebi · wall_segment Stone Wall x1 |
| 28:13 | koebi · wall_segment Stone Wall x1 |
| 28:14 | koebi · wall_segment Stone Wall x1 |
| 28:52 | koebi · first_market_sell 100 wood |
| 30:03 | BehCoY · first_building Castle |
| 30:45 | Daniel Chassagnez · first_building Monastery |
| 30:46 | Skrillll · wall_segment Stone Wall x2 |
| 30:46 | Moussaillon · first_market_sell 100 wood |
| 30:50 | Rojo, el camionero. · wall_segment Palisade Wall x1 |
| 31:37 | Rojo, el camionero. · first_building Siege Workshop |
| 32:02 | koebi · wall_segment Stone Wall x1 |
| 32:02 | koebi · wall_segment Stone Wall x1 |
| 32:03 | koebi · wall_segment Stone Wall x1 |
| 32:57 | Daniel Chassagnez · first_building Castle |
| 33:04 | Tylenol · first_building Castle |
| 34:20 | Skrillll · first_building Barracks |
| 34:56 | BehCoY · first_building Barracks |
| 35:09 | Daniel Chassagnez · age_up imperial |
| 35:43 | koebi · wall_segment Stone Wall x1 |
| 35:51 | koebi · age_up imperial |
| 35:53 | Rojo, el camionero. · age_up imperial |
| 36:10 | koebi · first_building Barracks |
| 36:15 | Daniel Chassagnez · first_market_sell 500 food |
| 36:30 | Moussaillon · first_building Castle |
| 36:31 | Ice2207 · age_up imperial |
| 36:40 | koebi · first_market_buy 100 wood |
| 36:49 | Rojo, el camionero. · first_building Barracks |
| 36:55 | Skrillll · first_building Castle |
| 36:59 | koebi · first_building Archery Range |
| 37:29 | koebi · wall_segment Stone Wall x5 |
| 37:37 | BehCoY · age_up imperial |
| 37:44 | Skrillll · wall_segment Stone Wall x1 |
| 37:58 | Tylenol · age_up imperial |
| 38:42 | Rojo, el camionero. · first_building Archery Range |
| 39:13 | Skrillll · wall_segment Stone Wall x1 |
| 39:14 | Skrillll · wall_segment Stone Wall x1 |
| 40:03 | Moussaillon · age_up imperial |
| 40:57 | Tylenol · first_building Archery Range |
| 42:26 | koebi · wall_segment Stone Wall x1 |
| 42:27 | koebi · wall_segment Stone Wall x1 |
| 42:37 | BehCoY · first_building Archery Range |
| 42:51 | Rojo, el camionero. · first_market_buy 100 food |
| 42:54 | Daniel Chassagnez · tribute_sent a jugador 1 |
| 42:54 | Daniel Chassagnez · tribute_sent a jugador 2 |
| 42:54 | Daniel Chassagnez · tribute_sent a jugador 3 |
| 42:54 | Daniel Chassagnez · tribute_sent a jugador 4 |
| 42:54 | Daniel Chassagnez · tribute_sent a jugador 5 |
| 42:54 | Daniel Chassagnez · tribute_sent a jugador 7 |
| 42:54 | Daniel Chassagnez · tribute_sent a jugador 8 |
| 42:57 | BehCoY · tribute_sent a jugador 1 |
| 42:57 | BehCoY · tribute_sent a jugador 2 |
| 42:57 | BehCoY · tribute_sent a jugador 3 |
| 42:57 | BehCoY · tribute_sent a jugador 5 |
| 42:57 | BehCoY · tribute_sent a jugador 6 |
| 42:57 | BehCoY · tribute_sent a jugador 7 |
| 42:57 | BehCoY · tribute_sent a jugador 8 |
| 44:34 | Daniel Chassagnez · tribute_sent a jugador 1 |
| 44:34 | Daniel Chassagnez · tribute_sent a jugador 2 |
| 44:34 | Daniel Chassagnez · tribute_sent a jugador 3 |
| 44:34 | Daniel Chassagnez · tribute_sent a jugador 4 |
| 44:34 | Daniel Chassagnez · tribute_sent a jugador 5 |
| 44:34 | Daniel Chassagnez · tribute_sent a jugador 7 |
| 44:34 | Daniel Chassagnez · tribute_sent a jugador 8 |
| 44:51 | koebi · first_building Stable |
| 46:40 | Skrillll · first_building Archery Range |
| 46:58 | BehCoY · first_building Siege Workshop |
| 47:37 | Daniel Chassagnez · tribute_sent a jugador 1 |
| 47:37 | Daniel Chassagnez · tribute_sent a jugador 2 |
| 47:37 | Daniel Chassagnez · tribute_sent a jugador 3 |
| 47:37 | Daniel Chassagnez · tribute_sent a jugador 4 |
| 47:37 | Daniel Chassagnez · tribute_sent a jugador 5 |
| 47:37 | Daniel Chassagnez · tribute_sent a jugador 7 |
| 47:37 | Daniel Chassagnez · tribute_sent a jugador 8 |
| 47:39 | BehCoY · tribute_sent a jugador 1 |
| 47:39 | BehCoY · tribute_sent a jugador 2 |
| 47:39 | BehCoY · tribute_sent a jugador 3 |
| 47:39 | BehCoY · tribute_sent a jugador 5 |
| 47:39 | BehCoY · tribute_sent a jugador 6 |
| 47:39 | BehCoY · tribute_sent a jugador 7 |
| 47:39 | BehCoY · tribute_sent a jugador 8 |
| 47:41 | Skrillll · age_up imperial |
| 48:56 | BehCoY · tribute_sent a jugador 1 |
| 48:56 | BehCoY · tribute_sent a jugador 2 |
| 48:56 | BehCoY · tribute_sent a jugador 3 |
| 48:56 | BehCoY · tribute_sent a jugador 5 |
| 48:56 | BehCoY · tribute_sent a jugador 6 |
| 48:56 | BehCoY · tribute_sent a jugador 7 |
| 48:56 | BehCoY · tribute_sent a jugador 8 |
| 49:12 | Daniel Chassagnez · tribute_sent a jugador 1 |
| 49:12 | Daniel Chassagnez · tribute_sent a jugador 2 |
| 49:12 | Daniel Chassagnez · tribute_sent a jugador 3 |
| 49:12 | Daniel Chassagnez · tribute_sent a jugador 4 |
| 49:12 | Daniel Chassagnez · tribute_sent a jugador 5 |
| 49:12 | Daniel Chassagnez · tribute_sent a jugador 7 |
| 49:12 | Daniel Chassagnez · tribute_sent a jugador 8 |
| 49:13 | Moussaillon · tribute_sent a jugador 1 |
| 49:13 | Moussaillon · tribute_sent a jugador 2 |
| 49:13 | Moussaillon · tribute_sent a jugador 3 |
| 49:13 | Moussaillon · tribute_sent a jugador 4 |
| 49:13 | Moussaillon · tribute_sent a jugador 5 |
| 49:13 | Moussaillon · tribute_sent a jugador 6 |
| 49:13 | Moussaillon · tribute_sent a jugador 7 |
| 49:15 | BehCoY · tribute_sent a jugador 1 |
| 49:15 | BehCoY · tribute_sent a jugador 2 |
| 49:15 | BehCoY · tribute_sent a jugador 3 |
| 49:15 | BehCoY · tribute_sent a jugador 5 |
| 49:15 | BehCoY · tribute_sent a jugador 6 |
| 49:15 | BehCoY · tribute_sent a jugador 7 |
| 49:15 | BehCoY · tribute_sent a jugador 8 |
| 49:55 | Moussaillon · wall_segment Stone Wall x1 |
| 50:48 | Moussaillon · wall_segment Stone Wall x6 |
| 51:26 | Moussaillon · resign |
| 64:35 | Rojo, el camionero. · first_building Monastery |
[ AI ANALYSIS · 1 CREDIT ]
What really happened in this match?
Wolo.gg analyzes every decision: build order, eco, micro, common mistakes by bracket. Personalized analysis on WhatsApp or Discord in 30 seconds.
Civ guide
Mapuche
Perfil
Jugador #11608946